 Dungeon Crawl Stone Soup version 0.21-a0-404-g291f19a (webtiles) character file.

871 KristoblXynda the Sneak (level 8, -8/46 HPs)
             Began as an Octopode Venom Mage on Oct 26, 2017.
             Killed from afar by an orc (16 damage)
             ... with a wand of acid (?/15)
             ... on level 5 of the Dungeon.
             The game lasted 00:13:11 (5417 turns).

KristoblXynda the Sneak (Octopode Venom Mage)       Turns: 5417, Time: 00:13:12

Health: -8/46      AC:  1    Str:  8    XL:     8   Next: 3%
Magic:  3/14       EV: 18    Int: 19    God:
Gold:   297        SH:  0    Dex: 12    Spells: 10/15 levels left

rFire    . . .     SeeInvis .   x - +3 dagger (elec)
rCold    . . .     Gourm    +   (no shield)
rNeg     . . .     Faith    .   (helmet restricted)
rPois    .         Spirit   .   y - amulet of the gourmand
rElec    .         Reflect  .   d - +5 ring of evasion
rCorr    .         Harm     .   (no ring)
MR       .....                  (no ring)
Stlth    ++++......             (no ring)
HPRegen  0.15/turn              (no ring)
MPRegen  0.14/turn              (no ring)
                                (no ring)
                                (no ring)

@: no status effects
A: almost no armour, stealthy swim, amphibious, 8 rings, constrict 8, camouflage
1, gelatinous body 1
a: no special abilities


You were on level 5 of the Dungeon.
You were very full.

You visited 1 branch of the dungeon, and saw 5 of its levels.

You collected 297 gold pieces.

Inventory:

Hand Weapons
 m - a +1 dagger of protection
 x - a +3 dagger of electrocution (weapon)
Jewellery
 d - a +5 ring of evasion (left tentacle)
 y - an amulet of the gourmand (around mantle)
Wands
 k - a wand of digging (13/24)
Scrolls
 h - a scroll of teleportation
 i - 2 scrolls of fog
 u - 4 scrolls of remove curse
Potions
 c - 2 potions of brilliance
 g - a potion of agility {unknown}
 j - 2 potions of lignification {unknown}
 n - a potion of haste
 q - 3 potions of flight {unknown}
 r - a potion of might {unknown}
 s - a potion of heal wounds {unknown}
 z - a potion of invisibility {unknown}
Books
 a - a Young Poisoner's Handbook

   Spells                             Type                      Level
   a - Sting                          Conjuration/Poison           1
   b - Poisonous Vapours              Poison/Air                   2
   c - Mephitic Cloud                 Conjuration/Poison/Air       3
   d - Olgreb's Toxic Radiance        Poison                       4
   e - Venom Bolt                     Conjuration/Poison           5
 A - a book of Minor Magic

   Spells                             Type                      Level
   a - Magic Dart                     Conjuration                  1
   b - Blink                          Translocation                2
   c - Call Imp                       Summoning                    2
   d - Slow                           Hexes                        2
   e - Conjure Flame                  Conjuration/Fire             3
   f - Mephitic Cloud                 Conjuration/Poison/Air       3
Comestibles
 b - 3 bread rations
 f - 3 meat rations
 t - 7 fruits
 v - a royal jelly


   Skills:
 + Level 3.9 Short Blades
 - Level 2.0 Dodging
 + Level 6.7 Stealth
 + Level 4.3 Spellcasting
 + Level 4.3 Conjurations
 - Level 4.0 Poison Magic


You had 10 spell levels left.
You knew the following spells:

 Your Spells              Type           Power        Failure   Level  Hunger
a - Sting                 Conj/Pois      ###.         2%          1    None
b - Mephitic Cloud        Conj/Pois/Air  ##......     13%         3    ###....
c - Magic Dart            Conj           ###.         2%          1    None


Dungeon Overview and Level Annotations

Branches:
Dungeon (5/15)             Temple (0/1) D:5

Altars:
Ru
Trog

Shops:
D:4 :


Innate Abilities, Weirdness & Mutations

You cannot wear most types of armour.
You are very stealthy in the water. (Stealth+)
You are amphibious.
You can wear up to eight rings at the same time.
You can use your tentacles to constrict eight enemies at once.
Your skin changes colour to match your surroundings (Stealth+).
Your rubbery body absorbs attacks. (AC +1, EV +1)


Message History

The orc wizard casts a spell at you. The magic dart hits you!
* * * LOW HITPOINT WARNING * * *
You hit the orc wizard.
Lightning courses through the orc wizard!
You kill the orc wizard!
The orc priest seems less confused.
The iguana completely misses the orc.
Unknown command.
Things that are here:
a mace; an orc corpse You hit the orc.
Your grab misses the orc.
The orc is moderately wounded.
You hit the orc but do no damage. You grab the orc.
The orc is moderately wounded.
You constrict the orc, but do no damage.
The orc misses you.
You hit the orc but do no damage. You squeeze the orc.
The orc is severely wounded.
You constrict the orc.
The orc zaps a wand.
The bolt of acid hits you!
You die...

####.# ####....#
##.......# #########
###........# #........
..##......# #.#######
#..#%....# #.# #
.o.#..#....# #.# ### #
#
#o#[#o)..######.###.###
..
.#)#@................
#.>
#.#l#.....####.###'###
#.
#.#o#'#..............#
. .
.#..##..##.........# #
o#..##..##.........#
.#...##...+.........#
#....##..##.........#
.....##..##.........#
......##...........###


You could see an orc.

Vanquished Creatures
  An eye of draining (D:3)
  A phantom (D:4)
  An ogre (D:4)
  A crimson imp (D:4)
  A jelly (D:5)
  3 hounds (D:4)
  3 orc wizards
  5 orc priests
  An iguana (D:4)
  A worker ant zombie (D:5)
  4 gnolls (D:4)
  4 adders
  A worm (D:4)
  2 dart slugs (D:1)
  4 leopard geckos
  15 orcs
  4 giant cockroaches
  5 goblins
  15 hobgoblins
  4 jackals (D:4)
  10 kobolds
  A quokka (D:2)
  A ball python skeleton (D:4)
  9 bats
  3 frilled lizards
  A leopard gecko skeleton (D:4)
  13 rats
114 creatures vanquished.

Notes
Turn   | Place    | Note
-------+----------+-------------------------------------------
     0 | D:1      | KristoblXynda the Octopode Venom Mage began the quest for the Orb.
     0 | D:1      | Reached XP level 1. HP: 11/11 MP: 3/3
   420 | D:1      | Reached skill level 3 in Stealth
   420 | D:1      | Reached XP level 2. HP: 17/17 MP: 5/5
   688 | D:1      | Reached XP level 3. HP: 16/21 MP: 6/6
   857 | D:1      | Learned a level 3 spell: Mephitic Cloud
  2064 | D:3      | Reached skill level 1 in Short Blades
  2064 | D:3      | Reached XP level 4. HP: 17/27 MP: 0/7
  2405 | D:3      | Reached skill level 4 in Stealth
  2810 | D:3      | Found a sacrificial altar of Ru.
  2987 | D:3      | Found a bloodstained altar of Trog.
  2987 | D:3      | Noticed an eye of draining
  3014 | D:3      | Killed an eye of draining
  3014 | D:3      | Reached XP level 5. HP: 26/31 MP: 0/9
  3170 | D:4      | Found Kiurphoh's Book Shop.
  3581 | D:4      | Noticed a phantom
  3604 | D:4      | Learned a level 1 spell: Magic Dart
  3618 | D:4      | Killed a phantom
  3618 | D:4      | Reached skill level 5 in Stealth
  3618 | D:4      | Reached XP level 6. HP: 15/36 MP: 2/11
  4231 | D:4      | Reached XP level 7. HP: 41/41 MP: 12/12
  4340 | D:4      | Reached skill level 6 in Stealth
  5301 | D:5      | Entered Level 5 of the Dungeon
  5379 | D:5      | Found a staircase to the Ecumenical Temple.
  5397 | D:5      | Reached XP level 8. HP: 11/46 MP: 3/14
  5417 | D:5      | Killed from afar by an orc

Vault maps used:
D:1:      dpeg_arrival_ratfight
D:2:      kennysheep_boxes
D:3:      lemuel_doored_altar, trog_eyes_of_draining, first_bread,
          kennysheep_decorative_pillar, serial_park_tiny_2,
          kennysheep_crisscross, kennysheep_small_spiral
D:4:      minmay_wonky_spiral, serial_shops, shop, sigmund_army
D:5:      minmay_temple_entry_steel_oval, cheibrodos_sewer_entry_drain

Skill      XL: |  1  2  3  4  5  6  7 |
---------------+----------------------+-----
Stealth        | 3 4 5 6 |  6.7
Poison Magic   | 4 |  4.0
Short Blades   | 1 2 3 |  3.9
Conjurations   | 2 3 4 |  4.3
Spellcasting   | 3 4 |  4.3
Dodging        | |  2.0

Action                   |  1- 3 |  4- 6 |  7- 9 || total
-------------------------+-------+-------+-------++-------
Melee: Unarmed           |     7 |       |       ||     7
       Constrict         |    23 |    14 |    18 ||    55
       Mace              |     5 |    13 |       ||    18
       Tentacles         |    14 |    12 |    13 ||    39
       Dagger            |    90 |    64 |    83 ||   237
 Cast: Sting             |    12 |    10 |       ||    22
       Magic Dart        |       |     8 |       ||     8
       Mephitic Cloud    |       |     3 |    10 ||    13
  Use: Scroll            |     1 |     9 |     1 ||    11
       Potion            |       |     1 |     3 ||     4
 Stab: Sleeping          |    17 |     4 |     2 ||    23
       Distracted        |       |     2 |       ||     2
       Confused          |       |       |     2 ||     2
  Eat: Chunk             |     3 |    23 |     4 ||    30
Armor: Skin              |     6 |     3 |     4 ||    13
Dodge: Dodged            |    83 |    52 |    43 ||   178

Table legend:
 A = Spawn XP
 B = Non-spawn XP
 C = Spawn XP percentage of total XP
 D = Spawn monster count
 E = Non-spawn monster count
 F = Spawn count percentage of total count
 G = Total turns spent on level
                    A         B        C        D         E        F      G
               +---------+---------+-------+---------+---------+-------+---------
         Total |       0 |    1245 |   0.0 |       0 |     114 |   0.0 |  5417
               +---------+---------+-------+---------+---------+-------+---------
           D:1 |       0 |      43 |   0.0 |       0 |      27 |   0.0 |  1300
           D:2 |       0 |      31 |   0.0 |       0 |      17 |   0.0 |   743
           D:3 |       0 |     181 |   0.0 |       0 |      19 |   0.0 |  1232
           D:4 |       0 |     824 |   0.0 |       0 |      43 |   0.0 |  2026
           D:5 |       0 |     166 |   0.0 |       0 |       8 |   0.0 |   116
               +---------+---------+-------+---------+---------+-------+---------
